 Dungeon Crawl Stone Soup version 0.19-a0-994-g3c636f0 (webtiles) character file.

4403 Rationalist the Blocker (level 10, 0/79 HPs)
             Began as a Formicid Fighter on July 16, 2016.
             Was a Follower of Qazlal.
             Succumbed to a spiny frog's poison
             ... on level 1 of the Lair of Beasts.
             The game lasted 00:13:06 (8376 turns).

Rationalist the Blocker (Formicid Fighter)          Turns: 8376, Time: 00:13:06

Health: 0/79       AC: 12    Str: 19    XL:     10   Next: 61%
Magic:  10/10      EV: 10    Int:  6    God:    Qazlal [*.....]
Gold:   399        SH: 13    Dex:  9    Spells: 0 memorised, 9 levels left

rFire  . . .     SeeInvis +     a - +0 war axe
rCold  . . .     Gourm    .     y - +1 chain mail of the Monkey {Dex-4 Slay+5}
rNeg   . . .     Faith    .     c - +0 shield
rPois  .         Spirit   .     (helmet unavailable)
rElec  .         Dismiss  .     (no cloak)
rCorr  .         Reflect  .     (no gloves)
SustAt .         Harm     .     (no boots)
MR     ++...                    (no amulet)
Stlth  ..........               (no ring)
                                D - +1 ring of evasion

@: lethally poisoned (0 -> -35), very resistant to hostile enchantments,
extremely unstealthy
A: permanent stasis, dig shafts and tunnels, four strong arms, antennae 3,
talons 2, dopey 1, magic resistance 1, screaming 1, weak 1, wild magic 1
a: Dig, Shaft Self, Renounce Religion


You were on level 1 of the Lair of Beasts.
You worshipped Qazlal.
Qazlal was aware of your devotion.
You were not hungry.

You visited 3 branches of the dungeon, and saw 10 of its levels.
You also visited: Sewer.

You collected 474 gold pieces.
You spent 75 gold pieces at shops.

Inventory:

Hand Weapons
 a - a +0 war axe (weapon)
 x - the +6 quarterstaff "Ycuts" {crush, rElec rF+ Stlth+}
   (You found it on level 4 of the Dungeon)

   It inflicts extra damage upon your enemies.
   It protects you from fire.
   It insulates you from electricity.
   It makes you more stealthy.
 A - a +0 blowgun
Missiles
 i - 44 sling bullets
 u - 38 bolts
Armour
 c - a +0 shield (worn)
 y - the +1 chain mail of the Monkey (worn) {Dex-4 Slay+5}
   (You found it on level 5 of the Dungeon)

   It affects your dexterity (-4).
   It affects your accuracy and damage with ranged weapons and melee attacks
   (+5).
Jewellery
 D - a +1 ring of evasion (left hand)
Wands
 d - a wand of flame (34/48)
 p - a wand of polymorph (5/24)
 B - a wand of iceblast (6/15)
 C - a wand of iceblast (5/15)
Scrolls
 b - a scroll of identify {unknown}
 l - 5 scrolls of remove curse
 m - a scroll of magic mapping {unknown}
 s - 2 scrolls of noise {unknown}
 t - a scroll of fear {unknown}
 v - a scroll of enchant weapon {unknown}
 z - a scroll of random uselessness {unknown}
 I - a scroll of recharging {unknown}
 K - a scroll of holy word {unknown}
Potions
 e - 6 potions of flight
 h - 2 potions of heal wounds
 q - 2 potions of cure mutation {unknown}
 w - 2 potions of degeneration {unknown}
 E - 2 potions of curing {unknown}
 F - 2 potions of haste {unknown}
 H - a potion of magic {unknown}
 J - a potion of beneficial mutation {unknown}
Comestibles
 f - 7 bread rations
 g - 5 fruits
 j - 8 slices of pizza
 k - 2 meat rations
 n - 2 royal jellies
 o - 5 beef jerkies
 r - 7 chunks of flesh


   Skills:
 + Level 7.0 Fighting
 + Level 7.0 Axes
 + Level 8.7 Armour
 + Level 4.7 Dodging
 + Level 1.0 Stealth
 + Level 9.8 Shields


You had 9 spell levels left.
You didn't know any spells.

Dungeon Overview and Level Annotations

Branches:
Dungeon (8/15)             Temple (1/1) D:5            Lair (1/6) D:8

Altars:
Ashenzari
Cheibriados
Dithmenos
Elyvilon
Fedhas
Gozag
Hepliaklqana
Kikubaaqudgha
Makhleb
Okawaru
Qazlal
Ru
Sif Muna
Uskayaw
Vehumet
Xom
Yredelemnul
The Shining One

Shops:
D:5 }*   D:8 }


Innate Abilities, Weirdness & Mutations

You are under a permanent stasis effect.
You can dig through walls and to a lower floor.
Your four strong arms can wield two-handed weapons with a shield.
You have a pair of large antennae on your head. (SInv)
You have razor-sharp toenails.
You are dopey. (Int -2)
You are resistant to hostile enchantments. (MR+)
You occasionally shout uncontrollably at your foes.
You are weak. (Str -2)
Your spells are a little harder to cast, but a little more powerful.


Message History

The komodo dragon hisses angrily.
You claw the spiny frog, but do no damage.
The spiny frog is lightly wounded.
You hit the plant but do no damage. The spiny frog stings you.
Your chain mail of the Monkey prevents you from hitting the spiny frog.
The spiny frog is lightly wounded.
You hit the plant. The spiny frog stings you!
* * * LOW HITPOINT WARNING * * *
You are poisoned.
The spiny frog poisons you! You block the spiny frog's attack.
You hit the spiny frog. You claw the spiny frog.
The spiny frog is moderately wounded.
You hit the plant.
You feel sick. The spiny frog stings you!
* * * LOW HITPOINT WARNING * * *
You are more poisoned.
The spiny frog poisons you!
You slash the spiny frog! Your kick misses the spiny frog.
The spiny frog is heavily wounded.
You slash the plant!
You die...

............#
#.............##
..$...........
#........... #.
#.....# #.. #...# ##
#
#..####...####.##..#
#.......÷........$..
#.....÷.l...@F.?....
#...#P##...P#####..#
.......####..###
....... #..# .##....
#..# #...{ #...
##... ..... #...
......


You could see a komodo dragon and a spiny frog.

Vanquished Creatures
  4 blink frogs
  A hog (D:7)
  A human (D:7)
  Duvessa (D:5)
  A porcupine (Lair:1)
  A water moccasin (D:7)
  2 ice beasts
  2 orc warriors
  A phantom (D:7)
  2 sky beasts
  8 wolves
  3 centaurs
  A big kobold (Sewer)
  3 giant frogs
  Dowan (D:5)
  2 scorpions
  5 killer bees (D:8)
  2 howler monkeys
  2 crimson imps
  2 jellies
  4 hounds
  Crazy Yiuf (D:7)
  An orc wizard (D:7)
  2 giant frog skeletons
  An orc priest (D:7)
  3 worker ants
  An iguana (D:7)
  3 sheep (D:7)
  A worker ant zombie (D:8)
  3 gnolls (D:4)
  10 adders
  3 river rats
  5 oozes
  2 worms (D:2)
  4 dart slugs
  6 giant geckos
  8 orcs
  5 giant cockroaches
  9 goblins
  11 hobgoblins
  5 jackals
  2 quokkas
  2 ball pythons (D:3)
  6 bats
  A giant newt (D:2)
  A jackal skeleton (D:8)
  13 kobolds
  A quokka skeleton (D:6)
  10 rats
  3 fungi (D:7)
172 creatures vanquished.

Notes
Turn   | Place    | Note
-------+----------+-------------------------------------------
     0 | D:1      | Rationalist the Formicid Fighter began the quest for the Orb.
     0 | D:1      | Reached XP level 1. HP: 18/18 MP: 1/1
   113 | D:1      | Reached XP level 2. HP: 21/24 MP: 2/2
   358 | D:1      | Reached XP level 3. HP: 29/29 MP: 3/3
   360 | D:1      | Reached skill level 4 in Shields
   611 | D:2      | Reached XP level 4. HP: 30/36 MP: 4/4
   614 | D:2      | Reached skill level 1 in Dodging
   933 | D:2      | Reached XP level 5. HP: 28/42 MP: 5/5
  1176 | D:2      | Found a hide-covered altar of Uskayaw.
  1176 | D:2      | Found an opulent altar of Gozag.
  1177 | D:2      | Found a snail-covered altar of Cheibriados.
  1890 | D:3      | Found a glowing drain.
  1925 | Sewer    | Entered a sewer
  1927 | Sewer    | Reached XP level 6. HP: 15/48 MP: 6/6
  2280 | Sewer    | Reached skill level 5 in Shields
  2419 | Sewer    | Found a glowing silver altar of Zin.
  2917 | D:4      | Found a shattered altar of Ashenzari.
  2995 | D:4      | Found a sacrificial altar of Ru.
  3109 | D:4      | Reached XP level 7. HP: 54/54 MP: 7/7
  3164 | D:4      | Got a warped quarterstaff
  3182 | D:4      | Identified the +6 quarterstaff "Ycuts" {crush, rElec rF+ Stlth+} (You found it on level 4 of the Dungeon)
  3462 | D:5      | Entered Level 5 of the Dungeon
  3518 | D:5      | HP: 2/55 [poisoned by a worker ant]
  3655 | D:5      | Found Isiz's Gadget Shop.
  3668 | D:5      | Reached skill level 5 in Armour
  3679 | D:5      | Gained mutation: Your spells are a little harder to cast, but a little more powerful. [mutagenic meat]
  3685 | D:5      | Gained mutation: You have sharp toenails. [mutagenic meat]
  3688 | D:5      | Gained mutation: You are resistant to hostile enchantments. (MR+) [mutagenic meat]
  3691 | D:5      | Gained mutation: You occasionally shout uncontrollably at your foes. [mutagenic meat]
  3694 | D:5      | Gained mutation: You have razor-sharp toenails. [mutagenic meat]
  3728 | D:5      | Got a fine chain mail
  3739 | D:5      | Identified the +1 chain mail of the Monkey {Dex-4 Slay+5} (You found it on level 5 of the Dungeon)
  3790 | D:5      | Found Qeruboy's General Store.
  3798 | D:5      | Bought a potion of heal wounds for 75 gold pieces
  3972 | D:5      | Found a staircase to the Ecumenical Temple.
  4016 | D:5      | Reached skill level 1 in Stealth
  4044 | Temple   | Entered the Ecumenical Temple
  4075 | Temple   | Became a worshipper of Qazlal Stormbringer
  4186 | D:5      | Noticed Duvessa
  4186 | D:5      | Noticed Dowan
  4201 | D:5      | Killed Duvessa
  4201 | D:5      | Reached XP level 8. HP: 32/61 MP: 8/8
  4203 | D:5      | Killed Dowan
  4203 | D:5      | Reached skill level 6 in Shields
  4640 | D:6      | Found a shadowy altar of Dithmenos.
  4803 | D:6      | Found a burning altar of Makhleb.
  4804 | D:6      | Found a basalt altar of Yredelemnul.
  4804 | D:6      | Found a shimmering altar of Xom.
  5210 | D:7      | Found a runed door.
  5272 | D:7      | Noticed a human
  5273 | D:7      | Noticed a hog
  5280 | D:7      | Killed a human
  5280 | D:7      | Reached skill level 5 in Fighting
  5280 | D:7      | Reached skill level 5 in Axes
  5281 | D:7      | Killed a hog
  5288 | D:7      | Reached XP level 9. HP: 46/68 MP: 9/9
  5444 | D:7      | Reached skill level 7 in Shields
  5608 | D:7      | Reached * piety under Qazlal
  5884 | D:7      | Gained mutation: You are dopey. (Int -2) [mutagenic meat]
  5887 | D:7      | Gained mutation: You are weak. (Str -2) [mutagenic meat]
  6166 | D:7      | Noticed Crazy Yiuf
  6171 | D:7      | Killed Crazy Yiuf
  6240 | D:7      | Reached skill level 8 in Shields
  6384 | D:8      | Found Uzoonn's Gadget Shoppe.
  6437 | D:8      | Found a staircase to the Lair.
  6821 | D:8      | Found a shadowy altar of Dithmenos.
  6823 | D:8      | Found an iron altar of Okawaru.
  6827 | D:8      | Found a radiant altar of Vehumet.
  6966 | D:8      | Found a deep blue altar of Sif Muna.
  7147 | Lair:1   | Entered Level 1 of the Lair of Beasts
  7154 | Lair:1   | Noticed a blink frog
  7154 | Lair:1   | Noticed a blink frog
  7155 | Lair:1   | Noticed a blink frog
  7156 | Lair:1   | Noticed a blink frog
  7162 | D:8      | Reached XP level 10. HP: 38/77 MP: 10/10
  7810 | D:8      | Reached skill level 9 in Shields
  8367 | Lair:1   | Noticed a spiny frog
  8373 | Lair:1   | Noticed a komodo dragon
  8376 | Lair:1   | Succumbed to a spiny frog's poison

Vault maps used:
D:1:      dpeg_arrival_erosion
D:2:      gammafunk_temple_overflow_claw, minmay_parallelograms,
          kennysheep_generic_room_6
D:3:      portal_sewer_entry_c
D:4:      kennysheep_big_flooded_room, nicolae_ashenzari_panopticon,
          first_bread, nicolae_ru_sacrificial_ziggurat
D:5:      serial_shops, shop_fountains, nicolae_shop_statue_plus, uniq_duvessa
D:6:      grunt_temple_overflow_open, grunt_dithmenos_smoke_and_mirrors
D:7:      grunt_livestock, kennysheep_generic_room_15, uniq_crazy_yiuf_cottage
D:8:      minitemple, lair_0_dummy, serial_shops, nicolae_shop_crystal,
          minmay_misc_feat_columns, led_sif_pool
Temple:   compressed_dpeg_circular_temple
Lair:1:   serial_forest, infiniplex_forest_lined_4_way, infiniplex_forest_end_3,
          infiniplex_forest_corner_1, infiniplex_forest_zigzag_1
Sewer:    sewer_kobolds

Skill      XL: |  1  2  3  4  5  6  7  8  9 10 |
---------------+-------------------------------+-----
Shields        | 4 5 6 8 9 |  9.8
Dodging        | 1 2 3 4 |  4.7
Armour         | 4 5 6 7 8 |  8.7
Axes           | 3 4 5 6 7 |  7.0
Fighting       | 4 5 6 7 |  7.0
Stealth        | 1 |  1.0

Action                   |  1- 3 |  4- 6 |  7- 9 | 10-12 || total
-------------------------+-------+-------+-------+-------++-------
Melee: War axe           |    86 |   196 |   221 |    74 ||   577
       Kick              |       |       |    40 |    20 ||    60
 Abil: Dig               |     1 |     1 |     2 |       ||     4
  Use: Potion            |       |     1 |     4 |       ||     5
       Scroll            |       |       |     3 |       ||     3
  Eat: Chunk             |       |     8 |    21 |     4 ||    33
Armor: Scale mail        |    55 |    77 |     9 |       ||   141
       Chain mail        |       |       |    96 |    46 ||   142
Dodge: Dodged            |    32 |    70 |    94 |    56 ||   252
Block: Shield            |    66 |   112 |   163 |    84 ||   425
